 Dungeon Crawl Stone Soup version 0.29.0-4-gdea44cf6ec (webtiles) character file.

Game seed: 5403754086728585220

32 qw the Chopper (level 3, -13/21 HPs)
             Began as a Tengu Warper on Aug 28, 2022.
             Mangled by Terence
             ... wielding a +0 flail
              (14 damage)
             ... on level 2 of the Dungeon.
             The game lasted 00:00:07 (1710 turns).

qw the Chopper (Tengu Warper)                       Turns: 1710, Time: 00:00:08

Health: -13/21     AC: 11    Str: 13    XL:     3   Next: 27%
Magic:  7/7        EV:  3    Int: 13    God:
Gold:   64         SH:  0    Dex: 13    Spells: 6/6 levels left

rFire   . . .      SeeInvis .   Y - +0 hand axe
rCold   . . .      Faith    .   (no shield)
rNeg    . . .      Spirit   .   n - +0 plate armour
rPois   .          Reflect  .   (helmet restricted)
rElec   .          Harm     .   (no cloak)
rCorr   .          Rampage  .   g - +0 pair of gloves
Will    .....                   (boots unavailable)
Stlth   ..........              (no amulet)
HPRegen 0.07/turn               (no ring)
MPRegen 0.10/turn               (no ring)

@: about to teleport
A: beak, talons 3
a: no special abilities


You were on level 2 of the Dungeon.
You visited 1 branch of the dungeon, and saw 2 of its levels.

You collected 64 gold pieces.


Innate Abilities, Weirdness & Mutations

You have a beak for a mouth.
You have claws for feet.


   Skills:
 - Level 2.0 Fighting
 - Level 4.0 Axes
 - Level 1.0 Throwing
 + Level 1.1 Armour
 - Level 2.1 Dodging
 - Level 2.0 Spellcasting
 - Level 2.4 Translocations


You had 6 spell levels left.
You didn't know any spells.
Your spell library contained the following spells:

 Spells                   Type           Power      Damage    Failure   Level
 Blink                    Tloc           14%        N/A       100%        2
 Gell's Gravitas          Tloc           7%         N/A       100%        3
 Lesser Beckoning         Tloc           7%         N/A       100%        3
 Teleport Other           Tloc           7%         N/A       100%        3
 Manifold Assault         Tloc           7%         N/A       100%        5

Inventory:

Hand Weapons
 f - a +0 whip
 Y - a +0 hand axe (weapon)
Armour
 g - a +0 pair of gloves (worn)
 n - a +0 plate armour (worn)
Scrolls
 e - a scroll of identify
Potions
 j - a potion of curing
 k - a potion of brilliance {unknown}

Dungeon Overview and Level Annotations

Branches:
Dungeon (2/15)

Altars:

Annotations:
D:2 Terence


Message History

The rat bites you but does no damage.
You barely miss the rat. The rat barely misses you.
You hit the rat but do no damage. The rat bites you but does no damage.
You closely miss the rat. The rat bites you but does no damage.
You hit the rat but do no damage. Your kick misses the rat.
Your peck misses the rat. The rat completely misses you.
You closely miss the rat. You claw the rat.
You kill the rat!
Your Axes skill increases to level 4!
Found a plate armour.
A bat comes into view.
The bat hits you.
You closely miss the bat. You claw the bat.
You kill the bat!
You start resting.
A frilled lizard is nearby!
The frilled lizard hisses angrily.
You hit the frilled lizard. You claw the frilled lizard.
You kill the frilled lizard!
Found 2 stones.
Found a stone staircase leading up.
Enter note: You see here 2 stones.
There is a stone staircase leading up here.
Terence the Incautious comes into view.
He is wielding a +0 flail.
Terence shouts!
You hear an angry hiss.
Terence drinks a potion.
Terence goes berserk!
Terence hits you with a +0 flail!
You hit Terence but do no damage. Your peck misses Terence.
Terence hits you with a +0 flail!
Ouch! That really hurt!
1710 ||| READING scroll of teleportation.
As you read the scroll of teleportation, it crumbles to dust.
You feel strangely unstable. Terence hits you with a +0 flail!
Ouch! That really hurt!
You die...

.....................#.#
...............###.###.#
...............###.....###
..........................
........######...(..#####
...... #[...<.#
#......#####.#
##...........#
#@########### #@# #.# #.#
#.# #.# #.# ..#


You could see Terence (berserk).

Vanquished Creatures
  An adder (D:2)
  A worm (D:2)
  4 ball pythons (D:1)
  2 endoplasms (D:1)
  2 goblins
  A hobgoblin (D:1)
  3 kobolds (D:1)
  2 quokkas (D:1)
  A bat (D:2)
  2 frilled lizards
  2 rats (D:2)
21 creatures vanquished.

Notes
Turn   | Place    | Note
-------+----------+-------------------------------------------
     0 | D:1      | qw the Tengu Warper began the quest for the Orb.
     0 | D:1      | Reached XP level 1. HP: 12/12 MP: 4/4
     0 | D:1      | 0 ||| qw: Version: 0.1-a-89-g26bdef1
     0 | D:1      | 0 ||| qw: Game counter: 1004
     0 | D:1      | 0 ||| qw: Always use a shield: true
     0 | D:1      | 0 ||| qw: God list: Okawaru
     0 | D:1      | 0 ||| qw: Allow faded altars: false
     0 | D:1      | 0 ||| qw: Do Orc after D:15 true
     0 | D:1      | 0 ||| qw: Do second Lair branch before Depths: true
     0 | D:1      | 0 ||| qw: Lair rune preference: random
     0 | D:1      | 0 ||| qw: Plans: Normal
     0 | D:1      | 0 ||| PLANNING D:1-11
   319 | D:1      | Reached XP level 2. HP: 16/17 MP: 6/6
   443 | D:1      | Reached skill level 3 in Axes
  1283 | D:1      | 1283 ||| UPGRADING to +0 pair of gloves.
  1288 | D:1      | 1288 ||| UPGRADING to +0 plate armour.
  1298 | D:1      | 1298 ||| DROPPING +0 leather armour.
  1299 | D:1      | 1299 ||| READING scroll labelled REEGIKE PAEHO.
  1300 | D:1      | 1300 ||| READING 3 scrolls labelled WOALICV VYECK.
  1301 | D:1      | 1301 ||| READING 2 scrolls labelled KEEDGH FUXAS.
  1305 | D:1      | 1305 ||| READING scroll labelled RASUUGOEGI.
  1438 | D:1      | 1438 ||| READING scroll labelled VAKHLU LUGG.
  1439 | D:1      | 1439 ||| READING scroll labelled AXABLE LUOSAL.
  1440 | D:1      | 1440 ||| READING scroll labelled ZUBEGUUKHLUS.
  1541 | D:1      | 1541 ||| READING 2 scrolls of identify.
  1541 | D:1      | 1541 ||| IDENTIFYING ruby potion
  1542 | D:1      | 1542 ||| DROPPING scroll of blinking.
  1577 | D:2      | 1577 ||| Stepping ~*~*~tactically~*~*~ (stealth).
  1578 | D:2      | 1578 ||| Stepping ~*~*~tactically~*~*~ (stealth).
  1593 | D:2      | Reached XP level 3. HP: 21/21 MP: 7/7
  1646 | D:2      | 1646 ||| Stepping ~*~*~tactically~*~*~ (stealth).
  1657 | D:2      | Reached skill level 4 in Axes
  1702 | D:2      | Noticed Terence
  1709 | D:2      | HP: 1/21 [Terence/+0 flail (12)]
  1710 | D:2      | 1710 ||| READING scroll of teleportation.
  1710 | D:2      | Mangled by Terence

Levels and vault maps discovered:
D:1:      reono_arrival_mine, layout_loops_ring, serial_park_tiny_2
D:2:      layout_basic, uniq_jessica, uniq_terence

Skill      XL: |  1  2  3 |
---------------+----------+-----
Axes           | 3 4 |  4.0
Fighting       | |  2.0
Throwing       | |  1.0
Armour         | |  1.1
Dodging        | |  2.1
Spellcasting   | |  2.0
Translocations | |  2.4

Action                   || total
-------------------------++-------
Melee: Hand axe          ||    51
       Kick              ||    10
       Peck              ||     3
Throw: Boomerang         ||     7
  Use: Scroll            ||     9
Armor: Leather armour    ||     5
       Plate armour      ||     8
Dodge: Dodged            ||    18

Table legend:
 A = Non-vault XP
 B = Vault XP
 C = Vault XP percentage of total XP
 D = Non-vault monster count
 E = Vault monster count
 F = Vault count percentage of total count
                 A         B        C        D         E       F
            +---------+---------+-------+---------+---------+-------
      Total |      47 |       0 |   0.0 |      21 |       0 |   0.0
            +---------+---------+-------+---------+---------+-------
        D:1 |      23 |       0 |   0.0 |      14 |       0 |   0.0
        D:2 |      24 |       0 |   0.0 |       7 |       0 |   0.0
            +---------+---------+-------+---------+---------+-------
